 Dungeon Crawl Stone Soup version 0.15.2 (webtiles) character file.

667 Gartch the Ruffian (level 7, -6/70 HPs)
             Began as a Troll Berserker on Dec 31, 2014.
             Was a Priest of Trog.
             Mangled by a black bear (8 damage)
             ... on Level 5 of the Dungeon.
             The game lasted 00:57:54 (4286 turns).

Gartch the Ruffian (Troll Berserker)                Turns: 4286, Time: 00:57:54

HP  -6/70        AC  6     Str 28      XL: 7   Next: 31%
MP   3/3         EV 11     Int  3      God: Trog [***...]
Gold 206         SH  0     Dex  9      Spells:  0 memorised,  6 levels left

rFire  . . .     SeeInvis .       - Unarmed
rCold  . . .     Clarity  .     t - +1 robe
rNeg   . . .     rCorr    .     (shield restricted)
rPois  .         rRot     .     (helmet restricted)
rElec  .         Spirit   .     (no cloak)
SustAb .         Warding  .     (gloves unavailable)
rMut   +         Stasis   .     (boots unavailable)
Gourm  +                        m - amulet of resist mutation
MR     .....                    (no ring)
                                (no ring)

@: not resistant to hostile enchantments, very unstealthy
A: unfitting armour, claws 3, fast metabolism 3, gourmand, regeneration 2,
saprovore 2, shaggy fur 1, tough skin 2
a: Burn Spellbooks, Berserk, Trog's Hand, Renounce Religion


You were on level 5 of the Dungeon.
You worshipped Trog.
Trog was most pleased with you.
You were not hungry.

You visited 2 branches of the dungeon, and saw 7 of its levels.

You collected 206 gold pieces.

Inventory:

Hand weapons
 a - a +0 hand axe
 l - a +0 flail
 o - a +2 hand axe of flaming
 s - a +0 morningstar
 u - a +0 shortbow
 x - a +0 hand axe
 E - a +0 hunting sling
Missiles
 j - 24 bolts (quivered)
 p - 71 arrows
 w - 24 poisoned needles
Armour
 b - a +0 animal skin
 d - a +0 leather armour
 h - a +0 robe
 t - a +1 robe (worn)
 H - a +0 scale mail
Magical devices
 C - a wand of fireball (4) {unknown}
 P - a wand of flame (15) {unknown}
Comestibles
 L - a meat ration
 R - a bread ration
Scrolls
 q - a scroll of identify
 I - a scroll of fear
 K - a scroll of enchant armour
 M - a scroll of remove curse
 N - a scroll of amnesia
 O - a scroll of random uselessness
 Q - a scroll of recharging
Jewellery
 m - an amulet of resist mutation (around neck)
 n - a cursed ring of teleportation {unknown}
 y - an uncursed ring of poison resistance {unknown}
 z - a +3 ring of slaying {unknown}
Potions
 c - 2 potions of curing
 e - a potion of magic {unknown}
 f - a potion of haste {unknown}
 g - 3 potions of restore abilities
 i - a potion of confusion {unknown}
 k - a potion of might {unknown}
 r - 2 potions of mutation
 v - a potion of resistance {unknown}
 A - 2 potions of heal wounds
 B - a potion of brilliance {unknown}
 D - 2 potions of degeneration {unknown}
 F - a potion of agility {unknown}
 J - 2 potions of invisibility {unknown}
Books
 G - a book of Clouds

   Spells                             Type                      Level
   Mephitic Cloud                     Conjuration/Poison/Air       3
   Conjure Flame                      Conjuration/Fire             3
   Poisonous Cloud                    Conjuration/Poison/Air       6
   Freezing Cloud                     Conjuration/Ice/Air          6
   Ring of Flames                     Charms/Fire                  7
   Trog disapproves of the use of such an item.


   Skills:
 + Level 4.0 Fighting
 * Level 5.0 Dodging
 - Level 0.2 Stealth
 + Level 5.5 Unarmed Combat


You had 6 spell levels left.
You didn't know any spells.

Dungeon Overview and Level Annotations

Branches:
Dungeon (6/15)             Temple (1/1) D:4

Altars:
Cheibriados
Elyvilon
Qazlal
Trog
The Shining One

Annotations:
D:2 Sigmund


Innate Abilities, Weirdness & Mutations

You are too large for most types of armour.
You have claws for hands.
Your metabolism is lightning-fast.
You like to eat raw meat.
You heal very quickly.
You can eat rotten meat.
You are covered in fur (AC +1).
You have very tough skin (AC +2).


Message History

The black bear is almost dead.
The black bear bites you. The black bear closely misses you.
The black bear claws you.
You barely miss the black bear.
The black bear is almost dead.
The black bear barely misses you.
The black bear claws you but does no damage. x2
The black bear bites you!
* * * LOW HITPOINT WARNING * * *
The black bear claws you.
* * * LOW HITPOINT WARNING * * *
The black bear claws you.
* * * LOW HITPOINT WARNING * * *
The black bear bites you but does no damage.
The black bear claws you.
* * * LOW HITPOINT WARNING * * *
The black bear claws you.
* * * LOW HITPOINT WARNING * * *
The black bear bites you!
You die...

######### #.#....)...###
#.......# #.#..#.##..###
#.#####.# #.#..#.##..#..
##.#####.# ######............#
#.....##.# #.........##.#...#.
#..##.##.# #.#####...##....###
#..##.##.####.#####%.........#.
#...................#######...#
#...######...h@.....# #...#
###.# #.##.#.#...# #...#
#.######)##.......# #...#
#.#..)....######..#### #....
#.#.......# #.......####...#
#.#.......# #.#.............
#.#.......# ##.#.............
#####.#......>#
#................
#...#.#.......#
#..#####.##.#....


You could see a black bear (berserk).

Vanquished Creatures
  Edmund (D:5)
  2 ogres
  A crimson imp (D:5)
  A centaur zombie (D:5)
  A goliath beetle (D:6)
  2 worker ants (D:4)
  Jessica (D:3)
  7 gnolls
  5 adders
  2 shadow imps (D:5)
  2 giant mites
  4 giant geckos
  3 oozes (D:3)
  7 orcs
  11 bats
  2 giant cockroaches
  9 goblins
  5 hobgoblins
  A quokka (D:3)
  2 ball pythons
  2 giant newts (D:1)
  A gnoll skeleton (D:5)
  7 kobolds
  11 rats
  A rat skeleton (D:5)
91 creatures vanquished.

Notes
Turn   | Place    | Note
--------------------------------------------------------------
     0 | D:1      | Gartch, the Troll Berserker, began the quest for the Orb.
     0 | D:1      | Reached XP level 1. HP: 22/22 MP: 1/1
   189 | D:1      | Reached XP level 2. HP: 29/29 MP: 1/1
   312 | D:1      | Acquired Trog's second power
   348 | D:1      | Reached XP level 3. HP: 31/36 MP: 2/2
   514 | D:2      | Found a glowing golden altar of the Shining One.
   593 | D:2      | Reached XP level 4. HP: 37/45 MP: 2/2
   638 | D:2      | Reached skill level 4 in Unarmed Combat
   709 | D:2      | Noticed Sigmund
  1025 | D:3      | Noticed Jessica
  1034 | D:3      | Killed Jessica
  1558 | D:4      | Reached XP level 5. HP: 53/53 MP: 2/2
  2093 | D:4      | Found a staircase to the Ecumenical Temple.
  2103 | Temple   | Entered the Ecumenical Temple
  3104 | D:5      | Entered Level 5 of the Dungeon
  3168 | D:5      | Noticed an ogre
  3178 | D:5      | Killed an ogre
  3199 | D:5      | Reached XP level 6. HP: 61/61 MP: 3/3
  3337 | D:4      | Reached skill level 5 in Unarmed Combat
  3627 | D:4      | Noticed an ogre
  3635 | D:4      | Killed an ogre
  3869 | D:5      | Reached XP level 7. HP: 65/68 MP: 3/3
  4139 | D:6      | Found a white marble altar of Elyvilon.
  4164 | D:6      | Noticed Edmund
  4275 | D:5      | Killed Edmund
  4275 | D:5      | Reached skill level 5 in Dodging
  4284 | D:5      | HP: 1/70 [black bear (3)]
  4286 | D:5      | Mangled by a black bear

Action                   |  1- 3 |  4- 6 |  7- 9 || total
-------------------------+-------+-------+-------++-------
Melee: Unarmed           |    83 |   171 |    34 ||   288
 Fire: Shortbow          |       |    12 |       ||    12
  Use: Scroll            |     4 |    11 |     1 ||    16
 Stab: Fleeing           |       |       |     1 ||     1
  Eat: Meat ration       |     1 |     2 |       ||     3
       Bread ration      |       |     3 |       ||     3
       Chunk             |       |     7 |     2 ||     9
